Map: Stargazers

Players

LiquidElazer (Elazer) - Winner!

  • Race: Zerg Zerg
  • League: Master
  • Spawn Location: 11:00

Lambo

  • Race: Zerg Zerg
  • League: Grandmaster
  • Spawn Location: 1:00

VOD

Have the link to the VOD?

Description

Time

  • Played on: Oct. 19, 2022, 2:31 p.m.
  • Length: 12:32
Show
View Real Time Build Order
Export as new Build Order

LiquidElazer Zerg - Winner!

Build Orders: Hatch First 

Get SALT Encoding   

  12  0:00  Drone  
  13  0:12  Overlord  
  13  0:16  Drone  
  14  0:30  Drone x2  
  16  0:48  Hatchery  
  15  0:51  Drone  
  15  0:54  Drone  
  17  1:08  Spawning Pool  
  17  1:11  Drone  
  17  1:14  Drone  
  17  1:17  Drone  
  19  1:28  Drone  
  20  1:42  Hatchery  
  19  1:49  Drone  
  20  2:00  Queen  
  22  2:01  Queen  
  22  2:07  Overlord  
  24  2:10  Drone  
  24  2:13  Drone  
  26  2:17  Drone  
  26  2:19  Drone  
  28  2:27  Drone x2  
  30  2:32  Drone x2  
  30  2:35  Queen  
  34  2:43  Overlord  
  34  2:45  Queen  
  36  2:54  Drone x3  
  36  2:55  Drone  
  40  3:02  Extractor x2  
  38  3:07  Drone x6  
  38  3:09  Drone  
  38  3:12  Drone  
  46  3:15  Overlord  
  46  3:19  Drone x2  
  48  3:20  Drone  
  49  3:27  Drone  
  49  3:28  Overlord  
  51  3:34  Drone  
  51  3:42  Drone x6  
  51  3:43  Roach Warren  
  56  3:48  Drone x3  
  56  3:49  Evolution Chamber  
  56  3:51  Drone x2  
  56  3:55  Overlord  
  60  3:58  Drone x2  
  62  4:03  Overlord  
  62  4:04  Drone x2  
  62  4:06  Drone  
  65  4:10  Extractor  
  65  4:11  Extractor  
  65  4:12  Overlord  
  65  4:15  Lair, Zerg Missile Weapons Level 1  
  65  4:16  Drone  
  65  4:17  Drone  
  65  4:19  Drone x2  
  65  4:21  Drone x2  
  69  4:25  Overlord  
  69  4:26  Drone x2  
  69  4:28  Extractor  
  69  4:31  Extractor  
  69  4:32  Drone x4  
  73  4:41  Overlord  
  73  4:42  Overlord  
  73  4:49  Overlord  
  73  4:51  Roach x8  
  89  4:53  Overlord  
  89  5:02  Pneumatized Carapace  
  89  5:03  Hatchery  
  89  5:07  Roach x3  
  94  5:12  Glial Reconstitution  
  94  5:14  Overseer  
  94  5:17  Overlord  
  94  5:18  Roach x3  
  100  5:28  Evolution Chamber  
  99  5:29  Roach x7  
  99  5:34  Drone x3  
  116  5:40  Overlord  
  118  5:43  Roach x4  
  118  5:44  Overlord  
  124  5:54  Overlord  
  124  5:55  Drone x6  
  130  5:57  Roach  
  130  5:58  Roach  
  130  6:01  Zerg Ground Armor Level 1  
  130  6:02  Overlord  
  134  6:07  Roach  
  134  6:08  Roach x3  
  134  6:10  Zerg Missile Weapons Level 2  
  142  6:18  Roach x4  
  150  6:29  Roach x6  
  162  6:37  Overlord  
  162  6:39  Drone  
  163  6:40  Overlord  
  163  6:41  Spore Crawler, Roach x2  
  163  6:46  Extractor  
  165  6:48  Roach x3  
  165  6:51  Ravager x4  
  165  6:52  Overlord  
  175  7:06  Roach x8  
  183  7:26  Roach  
  183  7:27  Roach x11  
  196  7:33  Queen  
  198  7:42  Spore Crawler  
  197  7:46  Overlord  
  197  7:48  Tunneling Claws  
  197  7:49  Burrow  
  181  8:16  Queen  
  181  8:19  Roach x12  
  186  8:34  Roach x9  
  192  8:43  Drone  
  192  8:44  Drone x2  
  192  8:45  Drone  
  192  8:46  Drone x5  
  199  8:55  Infestation Pit  
  198  9:05  Roach x11  
  198  9:06  Roach x26, Hatchery  
  189  9:17  Roach x6  
  199  9:27  Roach x11  
  199  9:28  Roach x3  
  199  9:44  Queen  
  199  9:57  Roach Warren, Roach x8  
  192  10:05  Roach x5  
  200  10:10  Roach Warren  
  128  10:36  Drone x13  
  128  10:38  Roach  
  128  10:39  Roach x23  
  128  10:42  Drone x9  
  159  10:44  Roach  
  152  10:53  Roach x7  
  158  11:00  Roach x2  
  158  11:01  Roach x6  
  136  11:13  Roach x6  
  136  11:15  Queen x2  
  136  11:16  Queen  
  136  11:17  Roach  
  156  11:25  Ravager x2  
  158  11:26  Ravager  
  158  11:27  Roach x8  
  175  11:36  Roach x4  
  163  11:47  Roach x8  
  163  11:50  Roach x7  
  163  11:52  Roach  
  153  11:56  Roach  
  153  11:57  Roach x3  
  153  11:59  Roach x11  
  153  12:00  Roach x21  
  153  12:04  Roach x2  
  157  12:10  Roach x4  
Show
View Real Time Build Order
Export as new Build Order

Lambo Zerg 

Build Orders: Hatch First 

Get SALT Encoding   

  12  0:00  Drone  
  13  0:13  Overlord  
  13  0:18  Drone  
  14  0:31  Drone x2  
  16  0:47  Hatchery  
  15  0:51  Drone  
  15  0:54  Drone  
  17  0:57  Drone  
  18  1:08  Extractor  
  17  1:13  Spawning Pool  
  17  1:16  Drone  
  17  1:20  Drone  
  18  1:29  Drone  
  19  1:39  Drone  
  20  1:50  Drone  
  21  2:01  Queen x2, Drone  
  22  2:04  Overlord  
  26  2:09  Metabolic Boost  
  26  2:12  Drone x2  
  30  2:22  Drone x2  
  30  2:32  Hatchery  
  30  2:33  Drone  
  31  2:37  Drone  
  31  2:43  Drone, Overlord  
  32  2:50  Queen  
  34  2:54  Drone  
  34  2:55  Drone  
  36  3:03  Drone  
  36  3:05  Zergling x2  
  38  3:10  Drone x4  
  38  3:11  Drone x2  
  44  3:17  Overlord  
  44  3:23  Evolution Chamber  
  43  3:28  Drone  
  43  3:32  Overlord  
  44  3:36  Drone  
  44  3:39  Drone x4  
  49  3:42  Drone x3  
  49  3:44  Extractor  
  49  3:46  Drone x2  
  53  3:49  Zerg Missile Weapons Level 1  
  53  3:51  Drone  
  53  3:53  Drone  
  55  3:55  Drone, Roach Warren  
  55  4:01  Overlord  
  55  4:02  Drone  
  56  4:06  Drone  
  56  4:09  Extractor  
  56  4:12  Drone x3  
  56  4:13  Drone  
  56  4:15  Drone  
  61  4:17  Drone  
  61  4:19  Lair, Drone x3, Extractor  
  64  4:25  Overlord  
  64  4:26  Drone  
  64  4:27  Drone  
  64  4:30  Extractor  
  64  4:31  Extractor  
  64  4:36  Drone x2  
  64  4:37  Drone x3  
  69  4:42  Overlord  
  69  4:46  Drone  
  69  4:47  Drone x2  
  69  4:48  Drone x2  
  69  4:52  Drone x3  
  77  4:53  Evolution Chamber  
  77  4:54  Overlord  
  77  4:55  Hatchery  
  75  5:00  Overlord  
  75  5:01  Pneumatized Carapace  
  75  5:04  Roach x2  
  79  5:11  Drone  
  79  5:12  Drone, Overlord  
  79  5:13  Roach x2  
  85  5:17  Roach  
  85  5:18  Glial Reconstitution, Zerg Ground Armor Level 1  
  85  5:20  Overlord  
  86  5:23  Roach x3  
  86  5:24  Overseer  
  86  5:26  Overlord  
  92  5:29  Roach x2  
  92  5:31  Overlord  
  92  5:34  Roach  
  98  5:38  Roach x3  
  98  5:40  Roach x2  
  110  5:43  Roach  
  112  5:50  Roach, Overlord  
  112  5:51  Roach  
  112  5:52  Overlord  
  112  5:54  Overlord  
  112  5:56  Zerg Missile Weapons Level 2  
  116  6:02  Roach x5  
  124  6:05  Roach x2  
  124  6:08  Ravager x2  
  124  6:09  Ravager, Overlord  
  131  6:16  Roach x2  
  131  6:17  Roach x3  
  141  6:22  Roach x2  
  141  6:24  Ravager  
  146  6:26  Roach  
  146  6:29  Roach x3  
  146  6:30  Overlord  
  154  6:38  Roach  
  154  6:39  Drone x2, Overlord  
  158  6:41  Queen  
  158  6:43  Roach x2  
  158  6:45  Roach x2  
  168  6:48  Roach x2  
  168  6:53  Roach x2  
  176  7:04  Roach x4  
  184  7:13  Overlord  
  184  7:18  Roach  
  180  7:27  Roach x6  
  179  7:35  Roach x7  
  185  7:54  Roach x5  
  189  8:01  Roach x2  
  191  8:08  Roach x3  
  191  8:10  Roach x2  
  184  8:17  Roach x6  
  188  8:23  Roach x3  
  192  8:33  Roach  
  176  8:42  Roach x9  
  176  8:43  Queen  
  176  8:47  Overlord  
  192  8:50  Overlord  
  192  9:05  Queen  
  196  9:10  Roach x9  
  196  9:12  Overseer x2  
  192  9:18  Ravager x2  
  192  9:19  Ravager x2  
  192  9:21  Roach x2, Spire  
  192  9:22  Extractor x2  
  192  9:23  Spine Crawler  
  192  9:24  Spine Crawler  
  195  9:26  Spine Crawler  
  195  9:28  Roach x3  
  196  9:41  Roach x2  
  192  9:54  Roach x6  
  192  9:56  Roach  
  192  9:57  Roach x4  
  198  10:04  Roach x4  
  184  10:21  Roach x12  
  179  10:25  Roach x5  
  170  10:34  Roach x4  
  155  10:41  Roach x2  
  140  10:48  Roach x7  
  134  10:59  Roach x4  
  132  11:10  Roach  
  132  11:11  Roach x3  
  126  11:12  Ravager x5  
  131  11:18  Roach  
  131  11:19  Ravager  
  131  11:23  Roach  
  134  11:27  Roach  
  134  11:29  Roach  
  138  11:33  Roach  
  138  11:34  Roach  
  138  11:35  Ravager  
  138  11:39  Roach  
  145  11:44  Roach  
  145  11:46  Roach  
  118  11:48  Roach  
  118  11:53  Roach  
  94  11:59  Roach x2  
  84  12:03  Roach  
  86  12:11  Roach x2  
Tags
 
Add a new tag
Caveats
  • Supply blocks, unpowered buildings, or Contaminate may cause inaccurate times.
  • Supply counts are checked every 10 seconds.